 Dungeon Crawl Stone Soup version 0.30-a0-760-g5a9884bb7c (webtiles) character file.

Game seed: 2416764299668086112

18938890 RepoMan the Storm Dragon (level 27, 409/409 HPs)
             Began as a Yellow Draconian Necromancer on Feb 8, 2023.
             Was the Champion of Wu Jian.
             Escaped with the Orb
             ... and 15 runes on Feb 11, 2023!
             The game lasted 11:28:36 (81013 turns).

RepoMan the Storm Dragon (DrNe)                    Turns: 81013, Time: 11:28:37

Health: 409/409    AC: 23    Str: 22    XL:     27
Magic:  35/44      EV: 29    Int: 24    God:    Wu Jian [******]
Gold:   9755       SH:  0    Dex: 14    Spells: 1/60 levels left

rFire   + + .      SeeInvis .      - Unarmed
rCold   . . .      Faith    .    (shield currently unavailable)
rNeg    . . .      Spirit   .    (body armour unavailable)
rPois   +          Reflect  .    (helmet currently unavailable)
rElec   .          Harm     .    (cloak currently unavailable)
rCorr   +          Rampage  .    (gloves currently unavailable)
Will    ++...                    (boots currently unavailable)
Stlth   +                        q - amulet of Vitality {RegenMP++ Regen++}
HPRegen 2.48/turn                L - ring of Mutz {Wiz rF++ Str-4 Int+2}
MPRegen 1.09/turn                V - ring of the Hare {EV+10}

@: mighty, dragon-form, wereblooded, flying, studying 4 skills
A: dragon claw, dragon scales, flying, boosted hp, spit acid, AC +13, giant,
unfitting armour, acidic bite, (cold-blooded), acid resistance, (cold resistance
1), dopey 1, mutation resistance 1, strong 1
0: Orb of Zot
}: 15/15 runes: decaying, serpentine, slimy, silver, golden, iron, obsidian,
icy, bone, abyssal, demonic, glowing, magical, fiery, dark
a: Breathe Acid, End Transformation, Renounce Religion, Wall Jump, Serpent's
Lash, Heavenly Storm


You escaped.
You worshipped Wu Jian.
Wu Jian was exalted by your worship.
You were a fearsome golden dragon!
You visited 18 branches of the dungeon, and saw 87 of its levels.
You visited Pandemonium 1 time, and saw 21 of its levels.
You visited the Abyss 3 times.
You visited 1 bazaar.
You visited 1 ziggurat, and saw 15 of its levels.
You also visited: Bailey, Gauntlet and Ice Cave.

You collected 14879 gold pieces.
You spent 5124 gold pieces at shops.

Inventory:

Missiles
 N - 7 throwing nets (quivered)
Armour
 b - the +1 pair of boots of Classification (melded) {Rampage rC+ MP+9 Stlth+}
   (You found it on level 5 of a ziggurat)

   rC:        It protects you from cold.
   MP:        It affects your magic capacity (+9).
   Rampage:   It bestows one free step when moving towards enemies.
   Stlth:     It makes you more stealthy.
 o - a +2 hat of intelligence (melded)
 y - the +0 cloak of Gozag's Generosity (melded) {Rampage Will+ Int+3}
   (You bought it in a shop on level 2 of the Elven Halls)

   Int:       It affects your intelligence (+3).
   Rampage:   It bestows one free step when moving towards enemies.
   Will:      It increases your willpower.
Jewellery
 m - the amulet of Beunig {Reflect rF+ Int+2 SH+5}
   (You bought it in a shop on level 15 of the Dungeon)

   [amulet of reflection]

   It reflects blocked missile attacks.
   Int:       It affects your intelligence (+2).
   rF:        It protects you from fire.
   SH:        It affects your SH (+5).
 p - a ring of protection from cold
 q - the amulet of Vitality (around neck) {RegenMP++ Regen++}
   (You found it on level 10 of a ziggurat)

   [amulet of magic regeneration]

   It increases your rate of magic regeneration.
   Regen:     It increases your rate of health regeneration.
 u - a ring of willpower
 w - a ring of see invisible
 G - the ring "Qigouh" {Fly Int+3}
   (You found it on level 3 of the Elven Halls)

   [ring of flight]

   Int:       It affects your intelligence (+3).
   Fly:       It grants you flight.
 L - the ring of Mutz (left foreclaw) {Wiz rF++ Str-4 Int+2}
   (You found it on level 3 of the Realm of Zot)

   [ring of wizardry]

   It improves your spell success rate.
   Str:       It affects your strength (-4).
   Int:       It affects your intelligence (+2).
   rF:        It greatly protects you from fire.
 Q - the ring "Haustreti" {rN+ MP+9 Int+6}
   (You found it on level 3 of the Realm of Zot)

   [ring of positive energy]

   Int:       It affects your intelligence (+6).
   rN:        It protects you from negative energy.
   MP:        It affects your magic capacity (+9).
 R - a ring of protection from fire
 V - the ring of the Hare (right foreclaw) {EV+10}
   (You found it on level 5 of the Vaults)

   [ring of evasion]

   EV:        It affects your evasion (+10).
 Z - the ring of Yesterday {rPois rC+}
   (You found it on level 8 of a ziggurat)

   [ring of poison resistance]

   rC:        It protects you from cold.
   rPois:     It protects you from poison.
Wands
 t - a wand of flame (117)
 H - a wand of quicksilver (22)
 M - a wand of paralysis (44)
 S - a wand of iceblast (42)
 X - a wand of mindburst (35)
Scrolls
 e - 47 scrolls of teleportation
 f - a scroll of brand weapon
 h - 3 scrolls of butterflies
 i - 8 scrolls of fog
 j - 14 scrolls of poison
 l - 4 scrolls of blinking
 n - 9 scrolls of enchant weapon
 s - 16 scrolls of immolation
 B - 11 scrolls of amnesia
 D - 12 scrolls of enchant armour
 F - 10 scrolls of vulnerability
 I - 11 scrolls of fear
 T - 2 scrolls of silence
 Y - 2 scrolls of magic mapping
Potions
 a - 5 potions of magic
 d - 32 potions of curing
 g - 13 potions of lignification
 k - 6 potions of berserk rage
 r - 26 potions of mutation
 v - 5 potions of heal wounds
 x - 5 potions of might
 z - 9 potions of brilliance
 A - 3 potions of ambrosia
 C - 2 potions of resistance
 K - a potion of haste
 O - 3 potions of cancellation
 P - 4 potions of invisibility
Miscellaneous
 c - a condenser vane
 E - a phantom mirror
 J - a tin of tremorstones (2/2)
 U - a phial of floods
 W - a figurine of a ziggurat


   Skills:
 O Level 27 Fighting
 O Level 27 Dodging
 - Level 2.2 Stealth
 O Level 27 Unarmed Combat
 * Level 17.1 Spellcasting
 + Level 16.9 Conjurations
 + Level 7.4 Hexes
 O Level 27 Necromancy
 + Level 8.4 Translocations
 - Level 14.4 Transmutations
 O Level 27 Air Magic


You had one spell level left.
You knew the following spells:

 Your Spells              Type           Power      Damage    Failure   Level
b - Blink                 Tloc           100%       N/A       1%          2
d - Dragon Form           Tmut           37%        N/A       2%          7
g - Apportation           Tloc           100%       N/A       1%          1
n - Necromutation         Tmut/Necr      44%        N/A       1%          8
p - Passwall              Tmut/Erth      44%        N/A       1%          2
v - Vhi's Electric Charg  Tloc/Air       100%       N/A       0%          3
w - Wereblood             Tmut           74%        N/A       0%          2
x - Irradiate             Conj/Tmut      38%        3d24      1%          5
y - Yara's Violent Unrav  Hex/Tmut       32%        3d13      1%          5
z - Infestation           Necr           50%        N/A       1%          8
M - Maxwell's Capacitive  Air            50%        ∞         1%          8
R - Borgnjor's Revivific  Necr           50%        N/A       1%          8

Your spell library contained the following spells:

 Spells                   Type           Power      Damage    Failure   Level
 Beastly Appendage        Tmut           100%       N/A       0%          1
 Kiss of Death            Conj/Necr      100%       2d13      0%          1
 Magic Dart               Conj           100%       1d8       0%          1
 Necrotise                Necr           100%       1d9       0%          1
 Shock                    Conj/Air       100%       1d9       0%          1
 Freeze                   Ice            80%        1d9       1%          1
 Sandblast                Erth           40%        2d10      1%          1
 Slow                     Hex            100%       N/A       1%          1
 Summon Small Mammal      Summ           80%        N/A       1%          1
 Cigotuvi's Dreadful Rot  Necr/Pois/Air  100%       N/A       0%          2
 Momentum Strike          Conj/Tloc      100%       3d10      0%          2
 Poisonous Vapours        Pois/Air       100%       N/A       0%          2
 Searing Ray              Conj           100%       2d8       0%          2
 Static Discharge         Conj/Air       100%       2-7/arc   0%          2
 Sublimation of Blood     Necr           100%       N/A       0%          2
 Mephitic Cloud           Conj/Pois/Air  74%        N/A       0%          3
 Swiftness                Air            100%       N/A       0%          3
 Vampiric Draining        Necr           100%       2d13      0%          3
 Airstrike                Air            50%        2d(8-24)  0%          4
 Anguish                  Hex/Necr       40%        N/A       0%          4
 Animate Dead             Necr           100%       N/A       0%          4
 Dispel Undead            Necr           100%       3d31      0%          4
 Agony                    Necr           100%       N/A       0%          5
 Arcjolt                  Conj/Air       45%        1d55      0%          5
 Lightning Bolt           Conj/Air       45%        1d65      0%          5
 Death Channel            Necr           50%        N/A       0%          6
 Call Imp                 Summ           20%        N/A       1%          2
 Ensorcelled Hibernation  Hex/Ice        76%        N/A       1%          2
 Scorch                   Fire           40%        2d7       1%          2
 Confusing Touch          Hex            54%        N/A       1%          3
 Dazzling Flash           Conj/Hex       100%       N/A       1%          3
 Hailstorm                Conj/Ice       57%        3d12      1%          3
 Ignite Poison            Fire/Tmut/Pois 43%        N/A       1%          3
 Inner Flame              Hex/Fire       38%        N/A       1%          3
 Kindle Blastsparks       Fire/Tloc/Air  100%       2d18      1%          3
 Portal Projectile        Hex/Tloc       100%       N/A       1%          3
 Spider Form              Tmut/Pois      53%        N/A       1%          3
 Stone Arrow              Conj/Erth      100%       3d13      1%          3
 Summon Guardian Golem    Hex/Summ       38%        N/A       1%          3
 Tukima's Dance           Hex            54%        N/A       1%          3
 Cause Fear               Hex            27%        N/A       1%          4
 Flame Wave               Conj/Fire      57%        2d14      1%          4
 Fulminant Prism          Conj/Hex       34%        3d15      1%          4
 Ice Form                 Ice/Tmut       53%        N/A       1%          4
 Iskenderun's Mystic Bla  Conj/Tloc      69%        2d14      1%          4
 Manifold Assault         Tloc           57%        N/A       1%          4
 Passage of Golubria      Tloc           57%        N/A       1%          4
 Petrify                  Tmut/Erth      53%        N/A       1%          4
 Sticky Flame             Conj/Fire      57%        2d7       1%          4
 Summon Lightning Spire   Summ/Air       71%        N/A       1%          4
 Alistair's Intoxication  Tmut/Pois      35%        N/A       1%          5
 Blade Hands              Tmut           37%        N/A       1%          5
 Borgnjor's Vile Clutch   Necr/Erth      35%        N/A       1%          5
 Fireball                 Conj/Fire      28%        3d12      1%          5
 Freezing Cloud           Conj/Ice/Air   37%        6-21      1%          5
 Iskenderun's Battlesphe  Conj           80%        2d13      1%          5
 Conjure Ball Lightning   Conj/Air       45%        3x3d16    1%          6
 Simulacrum               Ice/Necr       35%        N/A       1%          6
 Orb of Destruction       Conj           40%        9d11      1%          7
 Storm Form               Tmut/Air       44%        N/A       1%          7
 Death's Door             Necr           50%        N/A       1%          9
 Leda's Liquefaction      Hex/Erth       19%        N/A       2%          4
 Call Canine Familiar     Summ           20%        N/A       3%          3
 Frozen Ramparts          Ice            40%        1d7       3%          3
 Ozocubu's Armour         Ice            20%        N/A       3%          3
 Haunt                    Necr/Summ      35%        N/A       3%          7
 Dispersal                Tloc           28%        N/A       4%          6
 Iron Shot                Conj/Erth      28%        9d6       4%          6
 Starburst                Conj/Fire      28%        6d9       4%          6
 Summon Forest            Summ/Tloc      20%        N/A       5%          5
 Metabolic Englaciation   Hex/Ice        19%        N/A       6%          5
 Summon Mana Viper        Hex/Summ       38%        N/A       6%          5
 Eringya's Noxious Bog    Tmut/Pois      26%        N/A       9%          6
 Statue Form              Tmut/Erth      35%        N/A       9%          6
 Summon Ice Beast         Ice/Summ       20%        N/A       11%         4
 Chain Lightning          Conj/Air       45%        3d60      12%         9
 Lee's Rapid Deconstruct  Erth           10%        3d8*      26%         5
 Spellforged Servitor     Conj/Summ      28%        N/A       26%         7
 Enfeeble                 Hex            27%        N/A       38%         7
 Summon Cactus Giant      Summ           10%        N/A       80%         6
 Lehudib's Crystal Spear  Conj/Erth      28%        10d8      87%         8
 Disjunction              Tloc           28%        N/A       88%         8
 Discord                  Hex            27%        N/A       95%         8
 Monstrous Menagerie      Summ           10%        N/A       100%        7
 Summon Hydra             Summ           10%        N/A       100%        7
 Ignition                 Fire           10%        3d5       100%        8
 Dragon's Call            Summ           10%        N/A       100%        9
 Fire Storm               Conj/Fire      28%        8d7       100%        9
 Polar Vortex             Ice            10%        N/A       100%        9
 Shatter                  Erth           10%        3d11*     100%        9
 Animate Armour           Summ/Erth      Unusable   N/A       N/A         4

Dungeon Overview and Level Annotations

Branches:
Dungeon (15/15)            Temple (1/1) D:5            Lair (5/5) D:10
  Swamp (4/4) Lair:2        Snake (4/4) Lair:2        Slime (5/5) Lair:5
    Orc (2/2) D:11            Elf (3/3) Orc:2        Vaults (5/5) D:14
  Crypt (3/3) Vaults:2       Tomb (3/3) Crypt:3      Depths (4/4) D:15
   Hell (visited)             Dis (7/7) Hell            Geh (7/7) Hell
    Coc (7/7) Hell            Tar (7/7) Hell            Zot (5/5) Depths:4
 Bailey (visited)           IceCv (visited)         Gauntlet (visited)

Altars:
Ashenzari
Cheibriados
Dithmenos
Elyvilon
Fedhas
Gozag
Hepliaklqana
Kikubaaqudgha
Makhleb
Nemelex Xobeh
Okawaru
Qazlal
Ru
Sif Muna
Trog
Uskayaw
Vehumet
Wu Jian
Xom
Yredelemnul
Zin
The Shining One
Jiyva

Shops:
D:4 *   D:7 (   D:10 :   D:12 ?   D:15 =[*   Orc:2 !!(:   Elf:2 [*   Elf:3 [:
Snake:2 ==:   Vaults:2 ?*

Portals:
Hell: Depths:1 Depths:2 Depths:3 Depths:4
Abyss: Depths:3
Pandemonium: Orc:2 Depths:2


Innate Abilities, Weirdness & Mutations

You are a fearsome golden dragon!
You have a powerful clawing attack.
Your giant scaled body is strong and resiliant, but less evasive.
Your breath weapon is enhanced in this form.
You are flying.
Your maximum health is greatly increased.
Your armour is entirely melded.
You are incapable of wielding weapons or throwing items.
You can spit globs of acid.
Your golden yellow scales are hard. (AC +13)
You cannot fit into any form of body armour.
You have acidic saliva.
((You are cold-blooded and may be slowed by cold attacks.))
You are resistant to acid. (rCorr)
((Your flesh is cold resistant. (rC+)))
You are dopey. (Int -2)
You are somewhat resistant to further mutation.
Your muscles are strong. (Str +4, Int/Dex -1)


Message History

A rock wall.
This square is covered in magical glow.
You begin to meditate on the wall.
You continue meditating on the rock.
Magic restored.
You continue meditating on the rock.
You finish merging with the rock.
Casting: Passwall (safe; 1% risk of failure)
Confirm with . or Enter, or press ? or * to list all spells.
Aiming: Passwall (safe; 1% risk of failure)
Press: ? - help, Dir - move target A rock wall.
This square is covered in magical glow.
You begin to meditate on the wall.
You continue meditating on the rock.
You roar as the wereblood boils in your veins!
HP restored.
Your transformation has ended.
The +0 cloak of Gozag's Generosity {Rampage Will+ Int+3} unmelds from your body.
Your +2 hat of intelligence unmelds from your body.
The +1 pair of boots of Classification {Rampage rC+ MP+9 Stlth+} unmelds from your body.
You feel clever.
You continue meditating on the rock.
You finish merging with the rock.
Casting: Passwall (safe; 1% risk of failure)
Confirm with . or Enter, or press ? or * to list all spells.
You turn into a fearsome golden dragon!
The +0 cloak of Gozag's Generosity {Rampage Will+ Int+3} melds into your body.
Your +2 hat of intelligence melds into your body.
The +1 pair of boots of Classification {Rampage rC+ MP+9 Stlth+} melds into your body.
You feel stupid.
You feel your magic capacity decrease.
There is a staircase leading out of the dungeon here.
Okay, then.
What are your orders? t - Roar!
Orders for allies: a - Attack new target. r - Retreat! s - Stop attacking. g - Guard the area. f - Follow me.
Anything else - Cancel.
You roar for attention!
You have escaped!

.#.#...2..###..### #.#
.#.#.....###...#.# #.#
.#.#.#...##.2..#.# #.#
.#.#.#..###...##.# #.#
.'.#....##....#..# #.#
.###...###...###.# #.# .#
#...##>...##>.# #.# ##
#..####..##...#########.##
#####....##..D...........#
#######..#.###########
##...#.........#
###.#.#########
#...........#
#.#.#.#####.#
#[#.#.#####.###
#.#.#.........#
#.#.###########


There were no monsters in sight!

Vanquished Creatures
  Cerebov (Pan)
  Antaeus (Coc:7)
  the Royal Jelly (Slime:5)
  Asmodeus (Geh:7)
  Ereshkigal (Tar:7)
  Gloorx Vloq (Pan)
  A seraph (D:7)
  Mnoleg (Pan)
  the Serpent of Hell (Coc:7)
  Lom Lobon (Pan)
  Dispater (Dis:7)
  12 dread liches
  Khufu (Tomb:3)
  15 ancient liches
  Mara (Swamp:3)
  4 orbs of fire
  Mennas (Crypt:2)
  7 juggernauts
  Sojobo (Vaults:4)
  21 royal mummies
  Vv (Depths:4)
  10 Killer Klowns
  13 shard shrikes
  Frederick (Crypt:2)
  Geryon (Hell)
  13 caustic shrikes
  8 pandemonium lords
  5 curse toes
  8 golden dragons
  the Enchantress (Depths:3)
  Nikola (Swamp:3)
  6 profane servitors
  20 bone dragons
  3 doom hounds
  12 Tzitzimimeh
  18 Brimstone Fiends
  4 electric golems
  6 iron giants
  Jorgrun (D:12)
  11 hellephants
  5 liches
  13 Ice Fiends
  A walking earthen tome (Depths:2)
  21 Hell Sentinels
  28 tentacled monstrosities
  18 titans
  3 deep elf blademasters
  14 tainted leviathans
  26 Orb Guardians (Zot:5)
  13 searing wretches
  A walking frostbound tome (Depths:3)
  A deep elf master archer (Elf:3)
  8 quicksilver dragons
  5 tentacled starspawn
  34 ancient champions
  33 Executioners
  17 acid blobs
  7 sphinxes
  Frances (Snake:1)
  3 thorn hunters
  Gastronok (D:8)
  Donald (Snake:3)
  Kirke (D:13)
  7 draconian monks
  14 death cobs
  5 shadow dragons
  Roxanne (Elf:3)
  8 tengu reavers
  9 draconian knights
  25 storm dragons
  12 rockslimes
  3 revenants
  12 narguns
  An azure jelly (shapeshifter) (Zig:8)
  10 fire giants
  16 azure jellies
  7 nagarajas
  An emperor scorpion (Zig:7)
  9 iron dragons
  10 frost giants
  4 quicksilver elementals
  17 vault wardens
  9 deep elf sorcerers
  2 juggernaut zombies (Depths:2)
  4 draconian scorchers
  8 draconian shifters
  Louise (D:15)
  2 spectral caustic shrikes
  7 shard shrike simulacra
  A caustic shrike zombie (Depths:2)
  30 balrugs
  10 orc warlords
  7 ghouls
  11 cacodemons
  6 deep elf elementalists (Elf:3)
  An angel (D:7)
  8 curse skulls
  6 ghost moths
  2 spriggan defenders (Depths:3)
  A demonspawn corrupter (Pan)
  5 draconian stormcallers
  11 reapers
  29 war gargoyles
  An ophan (Abyss:3)
  17 stone giants
  A caustic shrike skeleton (Pan)
  2 demonspawn blood saints (Pan)
  2 juggernaut skeletons
  A spectral juggernaut (Tar:2)
  23 ironbound preservers
  9 draconian annihilators
  19 quicksilver oozes
  14 vampire knights
  22 very ugly things
  14 elemental wellsprings
  9 ironbound thunderhulks
  A deep elf demonologist (Elf:3)
  3 eleionomae
  12 wendigos
  10 black draconians
  10 green draconians
  6 demonspawn black suns (Pan)
  9 lorocyprocas
  8 putrid mouths
  A bunyip (shapeshifter) (Depths:3)
  13 yellow draconians
  2 bennus
  11 purple draconians
  12 red draconians
  7 dire elephants
  11 deep elf annihilators
  A minotaur (Gauntlet)
  9 white draconians
  8 bunyips
  2 spark wasps (Depths:4)
  Snorg (D:13)
  4 crystal guardians
  4 eidola
  The ghost of LetschGu the Fighter, a journeyman OgMo of Dithmenos (Orc:1)
  24 iron golems
  5 green deaths
  9 deep elf death magi
  12 ettins
  10 yaktaur captains
  Josephine (D:13)
  A merfolk javelineer (Zig:14)
  A spectral golden dragon (Tar:5)
  10 blizzard demons
  13 jiangshi
  2 spectral spriggans (Tar:4)
  3 entropy weavers
  A spriggan zombie (Tomb:1)
  9 fire dragons
  19 mummy priests
  An elf skeleton (Crypt:2)
  9 deep elf high priests
  14 great orbs of eyes
  A shambling mangrove (Zig:12)
  2 peacekeepers (Vaults:4)
  6 rakshasas
  3 spriggan air magi
  9 ice dragons
  Harold (Orc:1)
  3 great orbs of eyes (shapeshifter)
  34 vault guards
  Erolcha (D:11)
  16 salamander tyrants
  28 hydras
  2 quicksilver dragon skeletons
  9 caustic shrike simulacra
  7 hell beasts
  2 alligator snapping turtles (Zig:14)
  The ghost of Xief the Slicer, a journeyman DsCA of Ignis (Lair:1)
  3 ghost crabs
  3 catoblepae
  7 ironbound frosthearts
  A spectral sphinx (Depths:2)
  A demonspawn (Orc:2)
  5 juggernaut simulacra
  11 centaur warriors
  An ogre mage (Vaults:2)
  A spectral fire giant (Depths:2)
  8 anacondas
  3 merfolk aquamancers (Zig:14)
  5 spriggan skeletons
  A two-headed ogre (shapeshifter) (Vaults:5)
  22 dancing weapons
  10 stokers
  A satyr (shapeshifter) (Abyss:3)
  4 satyrs (Depths:3)
  10 orc high priests
  A spectral frost giant (Depths:2)
  A spectral stone giant (Depths:2)
  4 two-headed ogres
  7 death knights
  11 alligators
  53 death scarabs
  9 naga warriors
  8 tengu warriors
  An alligator snapping turtle (shapeshifter) (Zig:9)
  A titan zombie (Tomb:2)
  18 death yaks
  3 spriggan berserkers
  5 deep troll earth magi
  32 hell hogs
  9 boulder beetles
  4 deep troll shamans
  6 thrashing horrors
  7 naga sharpshooters
  13 vampire magi
  Urug (Lair:3)
  16 shock serpents
  9 hell knights
  33 soul eaters
  25 sun demons
  2 titan skeletons
  Amaemon (D:8)
  13 crystal echidnas
  16 deep elf knights
  A storm dragon zombie (Crypt:3)
  15 sixfirhies
  26 skeletal warriors
  4 wretched stars
  20 shadow wraiths
  7 iron trolls
  4 salamander mystics (Snake:4)
  A bunyip zombie (Crypt:3)
  2 storm dragon skeletons
  3 glowing orange brains
  A golden dragon zombie (Depths:2)
  A spatial maelstrom (Zig:11)
  A pharaoh ant (Zig:7)
  6 goliath frogs
  10 quicksilver dragon simulacra
  A skyshark (Zig:10)
  A spectral bunyip (Tar:2)
  58 deep trolls
  An anaconda zombie (Coc:4)
  4 sea snakes (Snake:4)
  A death drake (Gauntlet)
  3 spriggan druids
  4 shadow demons (Pan)
  2 obsidian statues
  A cherub (Pan)
  5 spriggan simulacra
  15 bog bodies
  7 orange crystal statues
  A tengu zombie (Depths:2)
  A fenstrider witch simulacrum (Coc:1)
  2 orb spiders (Zig:7)
  3 deep elf archers
  11 wizards
  3 naga ritualists
  A spectral hydra (Tar:7)
  Pikel (D:8)
  11 swamp dragons
  10 flayed ghosts
  15 lindwurms
  17 ironbound convokers
  23 orc knights
  A spectral iron dragon (Tar:2)
  12 necromancers
  12 phantasmal warriors
  A shadow dragon zombie (Depths:2)
  An anaconda skeleton (Pan)
  A sphinx zombie (Crypt:3)
  A steelbarb worm (Zig:7)
  27 deep elf pyromancers
  A broodmother zombie (Crypt:3)
  3 wolf spiders
  31 ugly things
  2 stone giant zombies
  A golden dragon skeleton (Depths:2)
  13 salamanders
  A frost giant zombie (Vaults:3)
  5 fauns (Depths:3)
  2 shining eyes (shapeshifter)
  12 mana vipers
  6 manticores
  14 starcursed masses
  17 deep elf zephyrmancers
  13 orc sorcerers
  7 shining eyes
  A fire giant zombie (Crypt:2)
  9 will-o-the-wisps
  A manticore (shapeshifter) (Zig:9)
  13 elephants
  47 moths of wrath
  2 spectral centaurs
  7 cyclopes
  3 centaur zombies
  12 guardian serpents
  4 rust devils (Pan)
  Maurice (Orc:1)
  21 naga magi
  2 ice statues
  3 naga zombies
  2 water nymphs (Depths:3)
  7 torpor snails
  6 molten gargoyles (Geh:7)
  2 iron dragon skeletons
  36 black mambas
  7 titan simulacra
  A guardian serpent (shapeshifter) (Abyss:3)
  7 apocalypse crabs
  17 vault sentinels
  An alligator snapping turtle zombie (Coc:4)
  Joseph (Lair:1)
  27 smoke demons
  17 orange demons
  3 demonic crawlers
  14 cane toads
  A centaur skeleton (Crypt:3)
  2 gargoyles
  Maggie (D:8)
  11 unseen horrors
  2 minotaur zombies (Gauntlet)
  A kobold demonologist (D:13)
  4 efreet
  22 hellions
  25 yaktaurs
  A bunyip simulacrum (Coc:1)
  A swamp worm zombie (Crypt:3)
  3 dire elephant skeletons
  9 tormentors
  2 anaconda simulacra
  4 rime drakes
  A redback zombie (Crypt:2)
  3 harpy zombies
  21 guardian mummies
  A human skeleton (Vaults:3)
  23 freezing wraiths
  5 komodo dragons
  2 golden dragon simulacra (Coc:7)
  2 yaktaur skeletons (Vaults:3)
  A spectral glowing shapeshifter (Depths:2)
  6 tengu conjurers
  4 ancient zymes (Abyss:3)
  3 red devils
  3 iron giant simulacra
  2 silent spectres
  2 ice devils
  A shadow dragon simulacrum (Coc:1)
  A queen bee (Gauntlet)
  2 polar bears (shapeshifter)
  2 tengu simulacra (Depths:2)
  15 hellwings
  4 polar bears
  A tarantella (shapeshifter) (Zig:9)
  13 tyrant leeches
  3 bloated husks
  2 harpy skeletons
  A sphinx simulacrum (Depths:2)
  14 hornets
  15 trolls
  A tarantella (Zig:14)
  16 raiju
  An alligator zombie (Crypt:2)
  A hydra skeleton (Pan)
  2 ice dragon zombies
  15 blink frogs
  An iron dragon simulacrum (Coc:7)
  A guardian serpent skeleton (Crypt:2)
  7 spriggans
  3 centaur simulacra
  A jumping spider (shapeshifter) (Vaults:5)
  A dream sheep (shapeshifter) (Elf:3)
  103 slime creatures
  A culicivora (Zig:7)
  12 flying skulls
  50 yaks
  3 air elementals
  9 water elementals
  A black mamba zombie (Crypt:3)
  3 fire elementals
  An elf zombie (Vaults:3)
  24 ynoxinuls
  An ettin skeleton (Pan)
  14 wraiths
  A shadow (Swamp:4)
  A human (shapeshifter) (D:14)
  7 wyverns
  8 dire elephant simulacra
  11 ushabtiu
  A vampire (D:9)
  4 basilisks
  An alligator snapping turtle simulacrum (Coc:3)
  42 large abominations
  4 golden eyes (Slime:1)
  4 hogs (D:13)
  9 redbacks
  2 steam dragons
  25 neqoxecs
  13 chaos spawn
  10 vampire mosquitoes
  16 wargs
  24 harpy simulacra
  An acid dragon (shapeshifter) (Vaults:5)
  59 nagas
  16 swamp worms
  A two-headed ogre skeleton (Crypt:1)
  32 water moccasins
  5 acid dragons
  2 glowing shapeshifter skeletons
  3 hydra simulacra
  A naga skeleton (Pan)
  A merfolk skeleton (Crypt:3)
  68 orc warriors
  A demonspawn skeleton (Crypt:2)
  5 black bears
  3 ice beasts
  3 sky beasts
  3 great orb of eyes simulacra (IceCv)
  An ice dragon simulacrum (Hell)
  A swamp drake (Swamp:4)
  3 ettin simulacra
  An ice beast (shapeshifter) (D:15)
  A snapping turtle zombie (Crypt:1)
  An elephant zombie (Crypt:1)
  2 boggarts
  14 ogres
  12 wolves
  9 centaurs
  12 slime creature simulacra (IceCv)
  3 lemures (D:8)
  2 human zombies (Vaults:3)
  A rime drake skeleton (Crypt:2)
  7 kobold brigands
  9 bullfrogs
  3 gnoll sergeants
  3 earth elementals
  7 necrophages
  4 glowing shapeshifter simulacra (IceCv)
  7 naga simulacra
  A wyvern zombie (Crypt:3)
  3 scorpions
  2 draconian skeletons
  A warg zombie (Crypt:1)
  5 wights
  A troll zombie (Crypt:1)
  A wyvern skeleton (Crypt:3)
  2 human simulacra
  17 killer bees
  A troll skeleton (Crypt:1)
  2 electric eels
  6 howler monkeys
  9 small abominations
  2 gnoll boudas
  A quasit (Abyss:3)
  21 orc priests
  4 hounds
  3 jellies
  A basilisk skeleton (Crypt:3)
  3 iguanas
  Natasha (thrice) (D:4)
  17 orc wizards
  An ogre zombie (Crypt:2)
  9 mummies
  23 gnolls
  12 adders
  6 white imps
  3 ufetubi
  An iguana skeleton (Crypt:2)
  A lava snake skeleton (Crypt:3)
  A worm (D:2)
  3 dart slugs
  89 orcs
  9 ball pythons
  6 endoplasms
  A giant cockroach (D:1)
  15 goblins
  2 hobgoblins
  5 jackals
  37 kobolds
  6 quokkas
  4 bats
  3 frilled lizards
  An orc zombie (Crypt:1)
  3 rats
  4 creeping infernos
  19 fire vortices
  4 lurking horrors (Abyss:3)
  2 plants (Depths:3)
  2 starspawn tentacles (Abyss:3)
3903 creatures vanquished.

Vanquished Creatures (collateral kills)
  16 royal mummies
  3 liches
  4 sphinxes (Tomb:1)
  2 ancient champions
  4 revenants
  A ghoul (Crypt:2)
  2 bennus
  9 mummy priests
  49 death scarabs
  A spriggan berserker (Depths:4)
  2 skeletal warriors (Tomb:2)
  A centaur zombie (Tomb:3)
  A centaur skeleton (Tomb:2)
  20 guardian mummies
  20 flying skulls
  A centaur simulacrum (Tomb:2)
  10 ushabtiu
  A water moccasin (Lair:5)
  29 mummies
  A gnoll (D:4)
  A quokka (D:1)
  A rat (D:1)
179 creatures vanquished.

Vanquished Creatures (others)
  A ghost moth (Zot:4)
  A black draconian (Zot:2)
  A caustic shrike simulacrum (Coc:5)
  A dancing weapon (Elf:1)
  A spriggan simulacrum (Coc:7)
  A deep elf pyromancer (Elf:1)
  A black mamba (Snake:2)
  A hellwing (Pan)
  An iron dragon simulacrum (Coc:7)
  A ynoxinul (Pan)
  A harpy simulacrum (Coc:7)
  An orc wizard (Orc:1)
  A creeping inferno (Geh:4)
  14 demonic plants (Gauntlet)
  18 foxfires
  20 fungi
  A lurking horror (Abyss:3)
  75 plants
  6 starspawn tentacles (Abyss:3)
147 creatures vanquished.

Grand Total: 4229 creatures vanquished

Notes
Turn   | Place    | Note
-------+----------+-------------------------------------------
     0 | D:1      | RepoMan the Draconian Necromancer began the quest for the
                  | Orb.
     0 | D:1      | Reached XP level 1. HP: 14/14 MP: 3/3
   458 | D:1      | Reached XP level 2. HP: 20/20 MP: 5/5
   488 | D:1      | Reached skill level 1 in Unarmed Combat
  1103 | D:2      | Reached XP level 3. HP: 27/27 MP: 4/6
  1111 | D:2      | Learned a level 3 spell: Vampiric Draining
  1374 | D:1      | Reached skill level 1 in Fighting
  1579 | D:2      | Reached XP level 4. HP: 35/35 MP: 0/7
  1663 | D:2      | You fall into a shaft and drop 2 floors!
  1734 | D:4      | Identified the +12 mace of Quysusy {heavy, Will- Dex+8}
  2935 | D:4      | Reached XP level 5. HP: 40/40 MP: 6/8
  3058 | D:4      | Noticed Natasha
  3062 | D:4      | Killed Natasha
  3280 | D:4      | Noticed Natasha
  3287 | D:4      | Killed Natasha
  3344 | D:4      | Found Deotugak's General Store.
  3352 | D:4      | Bought a potion of ambrosia for 80 gold pieces
  3352 | D:4      | Bought a scroll of noise for 10 gold pieces
  3352 | D:4      | Bought a scroll of identify for 20 gold pieces
  3352 | D:4      | Bought a potion of resistance for 100 gold pieces
  3422 | D:4      | Found a snail-covered altar of Cheibriados.
  3441 | D:4      | Noticed Natasha
  3444 | D:4      | Killed Natasha
  3445 | D:4      | Reached XP level 6. HP: 36/47 MP: 5/9
  3462 | D:4      | Reached skill level 5 in Unarmed Combat
  3900 | D:5      | Entered Level 5 of the Dungeon
  4104 | D:5      | Your scales start taking on a golden yellow colour.
  4104 | D:5      | Reached XP level 7. HP: 52/52 MP: 7/10
  4104 | D:5      | Gained mutation: You are resistant to acid. (rCorr) [Yellow
                  | Draconian growth]
  4367 | D:5      | Found a staircase to the Ecumenical Temple.
  4375 | Temple   | Entered the Ecumenical Temple
  4416 | Temple   | Became a worshipper of the Wu Jian Council
  5106 | D:6      | Reached XP level 8. HP: 52/59 MP: 7/11
  5156 | D:6      | Noticed a troll
  5170 | D:6      | Killed a troll
  5798 | D:6      | Reached * piety under Wu Jian
  6208 | D:6      | Reached skill level 5 in Necromancy
  6208 | D:6      | Reached XP level 9. HP: 71/71 MP: 3/12
  6413 | D:7      | Identified the +4 ring mail of the Slorg {Str+6}
  6444 | D:7      | Found Jilijul's Hydra Hut.
  6448 | D:7      | Noticed a five-headed hydra
  6468 | D:7      | Reached skill level 10 in Unarmed Combat
  7052 | D:7      | Found a radiant altar of Vehumet.
  7622 | D:8      | Reached ** piety under Wu Jian
  7624 | D:8      | Noticed Maggie
  7632 | D:8      | Noticed Pikel
  7633 | D:8      | Killed Maggie
  7634 | D:8      | Reached skill level 5 in Fighting
  7768 | D:8      | Learned a level 1 spell: Apportation
  7773 | D:8      | Noticed Gastronok
  7796 | D:8      | Killed Gastronok
  7797 | D:8      | Reached skill level 5 in Dodging
  7797 | D:8      | Reached XP level 10. HP: 80/83 MP: 13/13
  7967 | D:8      | Killed Pikel
  8011 | D:8      | Found a flagged portal.
  8017 | Bailey   | Entered a bailey
  8255 | Bailey   | Noticed an orc knight
  8286 | Bailey   | Killed an orc knight
  8325 | Bailey   | Found a large runed translucent door.
  8325 | Bailey   | Found a large runed translucent door.
  8331 | Bailey   | Noticed a deep elf pyromancer
  8442 | Bailey   | Killed a deep elf pyromancer
  8542 | D:8      | Found an ornate altar of the Wu Jian Council.
  8595 | D:8      | Learned a level 2 spell: Wereblood
  8685 | D:8      | Noticed Amaemon
  8685 | D:8      | Noticed an orange demon
  8692 | D:8      | Killed an orange demon
  8705 | D:8      | Killed Amaemon
  8705 | D:8      | Reached *** piety under Wu Jian
  8706 | D:8      | Reached skill level 1 in Transmutations
  9008 | D:9      | Reached XP level 11. HP: 71/92 MP: 1/14
  9691 | D:9      | Found a burning altar of Makhleb.
  9691 | D:9      | Noticed an Executioner
  9780 | D:9      | Identified the +6 hand axe of the Tiger {heavy, rPois rF-
                  | Str+10}
 10547 | D:10     | Entered Level 10 of the Dungeon
 10552 | D:10     | Found an iron altar of Okawaru.
 10674 | D:10     | Noticed a death yak
 10688 | D:10     | Noticed a death yak
 10767 | D:10     | Found Mycisao's Book Emporium.
 10885 | D:10     | Noticed a death yak
 10891 | D:10     | Noticed a death yak
 10893 | D:10     | Noticed a death yak
 10897 | D:10     | Noticed a death yak
 10898 | D:10     | Killed a death yak
 10898 | D:10     | Reached skill level 1 in Translocations
 11132 | D:11     | Noticed Erolcha
 11140 | D:11     | Reached **** piety under Wu Jian
 11162 | D:11     | Killed Erolcha
 11316 | D:11     | Noticed an orc knight
 11384 | D:11     | Noticed a centaur warrior
 11387 | D:11     | Found a staircase to the Orcish Mines.
 11395 | D:11     | Killed a centaur warrior
 11454 | D:11     | Noticed a rakshasa
 11500 | D:11     | Killed an orc knight
 11593 | D:11     | Killed a rakshasa
 11779 | D:11     | Reached XP level 12. HP: 104/104 MP: 15/15
 11821 | D:11     | Learned a level 3 spell: Vhi's Electric Charge
 12004 | D:10     | Found a staircase to the Lair.
 12026 | Lair:1   | Entered Level 1 of the Lair of Beasts
 12032 | Lair:1   | Killed a death yak
 12117 | Lair:1   | Noticed Joseph
 12128 | Lair:1   | Reached skill level 1 in Air Magic
 12130 | Lair:1   | Killed Joseph
 12353 | Lair:1   | Identified a scroll of acquirement
 12464 | Lair:1   | You fall into a shaft and drop 1 floor!
 12729 | Lair:2   | Noticed an eight-headed hydra
 13115 | Lair:1   | Found a runed translucent door.
 13121 | Lair:1   | Noticed Xief's ghost (journeyman DsCA)
 13123 | Lair:1   | Identified the +7 spear of Destiny {vamp, Contam +Blink rF+
                  | rN+}
 13536 | Lair:2   | Reached skill level 15 in Unarmed Combat
 13636 | Lair:2   | Killed an eight-headed hydra
 13637 | Lair:2   | Reached skill level 5 in Translocations
 13638 | Lair:2   | Reached skill level 10 in Fighting
 13998 | Lair:2   | Found a staircase to the Snake Pit.
 14319 | Lair:2   | Reached XP level 13. HP: 70/113 MP: 13/17
 14896 | Lair:3   | Noticed Urug
 14914 | Lair:3   | Killed Urug
 15113 | Lair:3   | Found a basalt altar of Yredelemnul.
 15570 | Lair:3   | Identified the +7 hand axe of Hazom {spect, *Noise rPois
                  | Dex+3 SInv}
 15987 | Lair:3   | Reached skill level 5 in Air Magic
 17235 | Lair:3   | Gained mutation: You have acidic saliva. [Yellow Draconian
                  | growth]
 17235 | Lair:3   | Reached XP level 14. HP: 79/124 MP: 18/18
 17465 | Lair:5   | Entered Level 5 of the Lair of Beasts
 17686 | Lair:5   | Found a viscous altar of Jiyva.
 17692 | Lair:5   | Found a staircase to the Slime Pits.
 17810 | Lair:5   | Reached ***** piety under Wu Jian
 18337 | Lair:5   | Reached skill level 10 in Dodging
 18429 | Lair:5   | Found a runed translucent door.
 19103 | Lair:5   | Paralysed by a hornet for 3 turns
 19488 | Lair:5   | Identified the +5 flail of the Sage {protect, Drain rPois
                  | rC++ MP+9}
 19700 | Lair:5   | Acquired the +2 hat of Meuruv {rC+ Slay+6}
 20020 | Orc:1    | Entered Level 1 of the Orcish Mines
 20026 | Orc:1    | Upgraded the game from 0.30-a0-743-gbfdf073431 to
                  | 0.30-a0-755-g0b50240ab4
 20127 | Orc:1    | Found a transporter.
 20129 | Orc:1    | Noticed an orc warlord
 20133 | Orc:1    | Found an ornate altar of the Wu Jian Council.
 20149 | Orc:1    | Found a transporter.
 20177 | Orc:1    | Noticed Harold
 20181 | Orc:1    | Killed Harold
 20288 | Orc:1    | Noticed an orc warlord
 20289 | Orc:1    | Noticed Maurice
 20292 | Orc:1    | Killed Maurice
 20292 | Orc:1    | Killed an orc warlord
 20430 | Orc:1    | Found a runed translucent door.
 20433 | Orc:1    | Noticed LetschGu's ghost (journeyman OgMo)
 20523 | Orc:1    | Found an ornate altar of the Wu Jian Council.
 20523 | Orc:1    | Found a transporter.
 20535 | Orc:1    | Found a transporter.
 20617 | Orc:2    | Entered Level 2 of the Orcish Mines
 20680 | Orc:2    | Found a gate leading to a gauntlet.
 20841 | Gauntlet | Entered a Gauntlet
 20841 | Gauntlet | Found a transporter.
 20841 | Gauntlet | Found a transporter.
 20851 | Gauntlet | Found a transporter.
 20851 | Gauntlet | Found a transporter.
 20853 | Gauntlet | Found a large runed translucent door.
 20854 | Gauntlet | Found a large runed translucent door.
 20855 | Gauntlet | Found a large runed translucent door.
 20855 | Gauntlet | Found a large runed translucent door.
 20855 | Gauntlet | Found a runed translucent door.
 20855 | Gauntlet | Found a runed translucent door.
 20856 | Gauntlet | Found a large runed translucent door.
 20856 | Gauntlet | Found a large runed translucent door.
 20856 | Gauntlet | Found a large runed translucent door.
 20856 | Gauntlet | Found a large runed translucent door.
 20857 | Gauntlet | Found a large runed translucent door.
 20857 | Gauntlet | Found a large runed translucent door.
 20857 | Gauntlet | Found a large runed translucent door.
 20858 | Gauntlet | Found a large runed translucent door.
 20862 | Gauntlet | Found a transporter.
 20866 | Gauntlet | Found a large runed translucent door.
 20866 | Gauntlet | Found a large runed translucent door.
 20866 | Gauntlet | Found a large runed translucent door.
 20866 | Gauntlet | Found a large runed translucent door.
 20869 | Gauntlet | Found a runed translucent gate.
 20869 | Gauntlet | Found a runed translucent gate.
 20869 | Gauntlet | Found a runed translucent gate.
 20871 | Gauntlet | Found a transporter.
 20884 | Gauntlet | Found a transporter.
 20886 | Gauntlet | Found a transporter.
 20917 | Gauntlet | Found a transporter.
 20926 | Gauntlet | Found a transporter.
 20949 | Gauntlet | Found a transporter.
 20987 | Gauntlet | Found a transporter.
 21002 | Gauntlet | Found a transporter.
 21106 | Gauntlet | Found a transporter.
 21131 | Gauntlet | Found a transporter.
 21134 | Gauntlet | Found a transporter.
 21216 | Gauntlet | Reached XP level 15. HP: 128/134 MP: 16/19
 21223 | Gauntlet | Identified the ring of Iptaprottin {*Slow rF+ rC+ Str+2}
 21332 | Gauntlet | Identified the +0 cloak of the Nightingale {rF+ rCorr}
 21682 | Orc:2    | Found a staircase to the Elven Halls.
 21733 | Orc:2    | Found Piablus's Distillery.
 21735 | Orc:2    | Found Mieducve's Distillery.
 21960 | Orc:2    | Reached ****** piety under Wu Jian
 22004 | Orc:2    | Bought a potion of curing for 36 gold pieces
 22004 | Orc:2    | Bought a potion of might for 48 gold pieces
 22004 | Orc:2    | Bought a potion of brilliance for 48 gold pieces
 22004 | Orc:2    | Bought a potion of resistance for 120 gold pieces
 22081 | Orc:2    | Found Amokk's Antique Weapon Shop.
 22081 | Orc:2    | Found Giqi's Book Boutique.
 22082 | Orc:2    | Found a one-way gate leading to the halls of Pandemonium.
 22440 | Orc:2    | Bought a potion of curing for 48 gold pieces
 22440 | Orc:2    | Bought a potion of heal wounds for 80 gold pieces
 22440 | Orc:2    | Bought a potion of mutation for 128 gold pieces
 22440 | Orc:2    | Bought a potion of haste for 160 gold pieces
 22440 | Orc:2    | Bought a potion of curing for 48 gold pieces
 22440 | Orc:2    | Bought a potion of curing for 48 gold pieces
 22440 | Orc:2    | Bought a potion of cancellation for 128 gold pieces
 22440 | Orc:2    | Bought a potion of heal wounds for 80 gold pieces
 22794 | D:12     | Upgraded the game from 0.30-a0-755-g0b50240ab4 to
                  | 0.30-a0-758-gc2c871d025
 22810 | D:12     | Found Hiamuris's Magic Scroll Emporium.
 22841 | D:12     | Bought a scroll of teleportation for 45 gold pieces
 22841 | D:12     | Bought a scroll of immolation for 60 gold pieces
 22841 | D:12     | Bought a scroll of immolation for 60 gold pieces
 22935 | D:12     | Noticed Jorgrun
 23323 | D:13     | Noticed Snorg
 23327 | D:13     | Killed Snorg
 23800 | D:13     | Noticed Kirke
 23817 | D:13     | Killed Kirke
 23922 | D:13     | Noticed Josephine
 23943 | D:13     | Killed Josephine
 24121 | D:13     | Got the Omnibus of the Translocated Discharge
 24382 | D:12     | Killed Jorgrun
 24950 | D:14     | Reached XP level 16. HP: 133/145 MP: 16/20
 25413 | D:14     | Found a gate to the Vaults.
 25556 | D:15     | Entered Level 15 of the Dungeon
 25557 | D:15     | Found Iqerr's Armour Boutique.
 25964 | D:15     | Noticed Louise
 25974 | D:15     | Found Huisob's Assorted Antiques.
 25977 | D:15     | Bought a potion of brilliance for 108 gold pieces
 25977 | D:15     | Bought a potion of lignification for 81 gold pieces
 25977 | D:15     | Bought 2 potions of brilliance for 216 gold pieces
 26297 | D:15     | Found a staircase to the Depths.
 26308 | D:15     | Found Byalonk's Jewellery Shop.
 26469 | D:15     | Bought an opal ring for 135 gold pieces
 26469 | D:15     | Bought a twisted onyx ring for 135 gold pieces
 26632 | Orc:1    | Killed LetschGu's ghost
 26791 | Lair:1   | Killed Xief's ghost
 26962 | Lair:2   | Found a staircase to the Swamp.
 27355 | Elf:1    | Entered Level 1 of the Elven Halls
 27692 | Elf:1    | Got the Omnibus of Bombardment
 28041 | Elf:1    | Reached skill level 5 in Transmutations
 28071 | Elf:1    | Found a radiant altar of Vehumet.
 28382 | Elf:2    | Found Plog's Gadget Gallery.
 28542 | Elf:2    | Found Dawobb's Antique Armour Emporium.
 28547 | Elf:2    | Bought a transparent cloak for 275 gold pieces
 28547 | Elf:2    | Identified the +0 cloak of Gozag's Generosity {Rampage
                  | Will+ Int+3} (You bought it in a shop on level 2 of the
                  | Elven Halls)
 28711 | Elf:2    | Reached skill level 10 in Air Magic
 28811 | Elf:2    | Found a runed translucent gate.
 28811 | Elf:2    | Found a runed translucent gate.
 28811 | Elf:2    | Found a runed translucent gate.
 28843 | Elf:2    | Noticed a deep elf blademaster
 28856 | Elf:2    | Killed a deep elf blademaster
 29005 | Elf:2    | Reached XP level 17. HP: 154/154 MP: 21/24
 29121 | Elf:2    | Reached skill level 5 in Spellcasting
 29478 | Elf:3    | Entered Level 3 of the Elven Halls
 29523 | Elf:3    | Noticed Roxanne
 29679 | Elf:3    | Paralysed by an air elemental for 1 turns
 29717 | Elf:3    | Found Dorhi's Book Shoppe.
 29781 | Elf:3    | Learned a level 2 spell: Passwall
 30056 | Elf:3    | Found Bopair's Armour Emporium.
 30446 | D:15     | Bought a ring of wizardry for 480 gold pieces
 30456 | D:15     | Learned a level 7 spell: Storm Form
 30458 | D:15     | Bought the amulet of Beunig {Reflect rF+ Int+2 SH+5} for
                  | 771 gold pieces
 30592 | Snake:1  | Entered Level 1 of the Snake Pit
 30981 | Snake:1  | Gained mutation: You occasionally lose the ability to read
                  | scrolls when taking damage. [mutagenic glow]
 31091 | Snake:1  | Lost mutation: You occasionally lose the ability to read
                  | scrolls when taking damage. [potion of mutation]
 31091 | Snake:1  | Gained mutation: You are somewhat resistant to further
                  | mutation. [potion of mutation]
 31091 | Snake:1  | Gained mutation: Your muscles are strong. (Str +4, Int/Dex
                  | -1) [potion of mutation]
 31091 | Snake:1  | Gained mutation: Your flesh is cold resistant. (rC+)
                  | [potion of mutation]
 31261 | Snake:1  | Noticed Frances
 31267 | Snake:1  | Killed Frances
 31928 | Snake:2  | Reached skill level 10 in Transmutations
 32041 | Snake:2  | Got the Elucidation of Breath
 32648 | Snake:2  | Found Viwkozxu's Book Emporium.
 32649 | Snake:2  | Found Roczadul's Jewellery Shop.
 32649 | Snake:2  | Found Diklev's Jewellery Shop.
 33060 | Snake:3  | Noticed Donald
 33067 | Snake:3  | Killed Donald
 33340 | Snake:3  | Found a radiant altar of Vehumet.
 33599 | Snake:4  | Entered Level 4 of the Snake Pit
 33702 | Snake:4  | Reached XP level 18. HP: 135/161 MP: 15/27
 33914 | Snake:4  | Found an opulent altar of Gozag.
 34226 | Snake:4  | Reached skill level 15 in Fighting
 34412 | Snake:4  | Got a serpentine rune of Zot
 34817 | Swamp:1  | Entered Level 1 of the Swamp
 36424 | Swamp:3  | Found a frozen archway.
 36497 | IceCv    | Entered an ice cave
 36741 | IceCv    | Found a viscous altar of Jiyva.
 36762 | IceCv    | Reached XP level 19. HP: 79/172 MP: 26/28
 37223 | Swamp:3  | Noticed Nikola
 37273 | Swamp:3  | Noticed Mara
 37284 | Swamp:3  | Killed Mara
 37425 | Swamp:3  | Killed Nikola
 37917 | Swamp:4  | Entered Level 4 of the Swamp
 38267 | Swamp:4  | Reached skill level 15 in Air Magic
 38541 | Swamp:4  | Got a decaying rune of Zot
 38917 | D:15     | Killed Louise
 39092 | D:15     | Acquired RepoMan's Directory of Blasted Leadership
 39100 | D:15     | Learned a level 5 spell: Irradiate
 39110 | D:15     | Learned a level 8 spell: Maxwell's Capacitive Coupling
 39302 | Elf:3    | Killed Roxanne
 39552 | Elf:3    | Identified the +10 morningstar "Orricig" {heavy, Fragile
                  | rF+ rN++ Int+3}
 39552 | Elf:3    | Identified the ring of Vampiric Thralls {rCorr AC+4 Str+5}
 39601 | Elf:3    | Noticed a Tzitzimitl
 39606 | Elf:3    | Found the +8 storm bow {elec, penet}
 39689 | Elf:3    | Identified the ring "Qigouh" {Fly Int+3}
 39711 | Elf:3    | Got Jeisch's Elucidation of Incandescence
 39730 | Elf:3    | Identified the +4 whip of the Undead {freeze, rPois rF+
                  | rN+}
 40068 | Vaults:1 | Entered Level 1 of the Vaults
 40172 | Vaults:1 | Reached XP level 20. HP: 176/182 MP: 26/31
 40707 | Vaults:1 | Reached skill level 15 in Dodging
 41546 | Vaults:2 | Found a staircase to the Crypt.
 42602 | Vaults:2 | Found Nalo's Assorted Antiques.
 42718 | Vaults:2 | Found Vucwuiz's Magic Scroll Boutique.
 42726 | Vaults:2 | Bought a scroll of teleportation for 60 gold pieces
 42726 | Vaults:2 | Bought a scroll of fog for 80 gold pieces
 42726 | Vaults:2 | Bought a scroll of immolation for 80 gold pieces
 42726 | Vaults:2 | Bought a scroll of magic mapping for 150 gold pieces
 43729 | Vaults:3 | Reached XP level 21. HP: 146/189 MP: 22/32
 45150 | Vaults:4 | Upgraded the game from 0.30-a0-758-gc2c871d025 to
                  | 0.30-a0-760-g5a9884bb7c
 45292 | Vaults:4 | Noticed Sojobo
 45301 | Vaults:4 | Killed Sojobo
 45308 | Vaults:4 | Reached skill level 1 in Conjurations
 46339 | Crypt:1  | Entered Level 1 of the Crypt
 47341 | Crypt:2  | Noticed Mennas
 47362 | Crypt:2  | Killed Mennas
 47363 | Crypt:2  | Reached XP level 22. HP: 70/199 MP: 23/33
 47628 | Crypt:2  | Learned a level 5 spell: Arcjolt
 47861 | Crypt:2  | Noticed Frederick
 47867 | Crypt:2  | Killed Frederick
 48469 | Crypt:3  | Entered Level 3 of the Crypt
 48535 | Crypt:3  | Reached skill level 5 in Conjurations
 48942 | Crypt:3  | Found the +9 sword of Zonguldrok {reap}
 49252 | Crypt:3  | Found a staircase to the Tomb.
 49454 | Crypt:3  | Noticed an ancient lich
 49464 | Crypt:3  | Killed an ancient lich
 49468 | Crypt:3  | Noticed a dread lich
 49468 | Crypt:3  | Noticed a dread lich
 49482 | Crypt:3  | Killed a dread lich
 49488 | Crypt:3  | Killed a dread lich
 49494 | Crypt:3  | Got Sif Muna's Discourse on the Sphinx and Frostbite
 49502 | Crypt:3  | Identified the +1 kite shield "Melumel" {rPois rC+}
 49717 | Crypt:3  | Learned a level 2 spell: Blink
 49724 | Crypt:3  | Learned a level 5 spell: Yara's Violent Unravelling
 49945 | Depths:1 | Entered Level 1 of the Depths
 50394 | Depths:1 | Found a gateway to Hell.
 50435 | Depths:1 | Found a one-way gateway to a ziggurat.
 50848 | Depths:2 | Reached XP level 23. HP: 173/209 MP: 32/35
 51037 | Depths:2 | Identified the +3 short sword of Entrepreneurial Spirit
                  | {heavy, rElec rN+}
 51473 | Depths:2 | Found an ancient bone altar of Kikubaaqudgha.
 51965 | Depths:2 | Identified the +0 mace "Yroq Fey" {protect, rPois Dex+4
                  | SInv}
 52429 | Depths:3 | Found a shimmering blue altar of Sif Muna.
 52452 | Depths:3 | Found a flickering gateway to a bazaar.
 52686 | Depths:3 | Identified the +9 flail "Vute" {flame, rN+}
 52723 | Depths:3 | Noticed the Enchantress
 52726 | Abyss:2  | Cast into level 2 of the Abyss (the Enchantress)
 52746 | Depths:3 | Escaped the Abyss
 52747 | Depths:3 | Killed the Enchantress
 52926 | Bazaar   | Entered a bazaar
 52926 | Bazaar   | Found Dusk's General Store.
 52926 | Bazaar   | Found Heshac's Antique Armour Shop.
 52944 | Bazaar   | Found Boxtuox's Distillery.
 52960 | Bazaar   | Found Deucy's Antique Weapon Boutique.
 52973 | Bazaar   | Found Exaonaih's Book Emporium.
 52981 | Bazaar   | Bought a book of the Dragon for 552 gold pieces
 53000 | Bazaar   | Bought a scroll of fear for 36 gold pieces
 53000 | Bazaar   | Bought a potion of berserk rage for 45 gold pieces
 53000 | Bazaar   | Bought a scroll of fog for 36 gold pieces
 53000 | Bazaar   | Bought a potion of might for 36 gold pieces
 53000 | Bazaar   | Bought a scroll of teleportation for 27 gold pieces
 53000 | Bazaar   | Bought a potion of resistance for 90 gold pieces
 53011 | Bazaar   | Bought a potion of resistance for 60 gold pieces
 53011 | Bazaar   | Bought a potion of invisibility for 48 gold pieces
 53011 | Bazaar   | Bought a potion of haste for 60 gold pieces
 53011 | Bazaar   | Bought a potion of cancellation for 48 gold pieces
 53011 | Bazaar   | Bought a potion of might for 24 gold pieces
 53011 | Bazaar   | Bought a potion of resistance for 60 gold pieces
 53011 | Bazaar   | Bought a potion of curing for 18 gold pieces
 53011 | Bazaar   | Bought a potion of invisibility for 48 gold pieces
 53011 | Bazaar   | Bought a potion of curing for 18 gold pieces
 53126 | Depths:3 | Found a one-way gate to the infinite horrors of the Abyss.
 53766 | Depths:4 | Entered Level 4 of the Depths
 53783 | Depths:4 | Identified the +5 scale mail of Muukiep {+Blink rCorr MP+9
                  | Str-2}
 53857 | Depths:4 | Found a gate to the Realm of Zot.
 54353 | Depths:4 | Noticed Vv
 54362 | Depths:4 | Killed Vv
 54882 | Slime:1  | Entered Level 1 of the Pits of Slime
 54972 | Slime:4  | Reached XP level 24. HP: 220/220 MP: 19/36
 55044 | Slime:5  | Entered Level 5 of the Pits of Slime
 55074 | Slime:5  | Noticed the Royal Jelly
 55138 | Slime:5  | Killed the Royal Jelly
 55506 | Slime:5  | Identified the +1 scale mail of Minor Irritation {Harm
                  | Str+3 SInv}
 55529 | Slime:5  | Identified the +7 dagger "Grim Tooth" {flame, rF+ rCorr
                  | Int+2 Dex+4}
 55531 | Slime:5  | Got a slimy rune of Zot
 55606 | Slime:5  | Identified the +1 leather armour of the Catfish {rPois rC++
                  | Dex-4 Stlth+}
 55687 | Lair:5   | Learned a level 7 spell: Dragon Form
 55958 | Zot:1    | Entered Level 1 of the Realm of Zot
 55986 | Zot:1    | Reached skill level 10 in Spellcasting
 56560 | Zot:1    | Noticed an orb of fire
 56563 | Zot:1    | Killed an orb of fire
 57022 | Zot:1    | Identified the +5 morningstar of the Pyrrhic Victory
                  | {spect, *Rage rN+ Int+4}
 57194 | Zot:1    | Noticed a dread lich
 57206 | Zot:1    | Killed a dread lich
 57861 | Zot:2    | Found the +5 Lochaber axe {reach-cleave, Poleaxe Drain}
 58424 | Zot:2    | Reached XP level 25. HP: 194/231 MP: 37/38
 59034 | Zot:3    | Found a transporter.
 59884 | Zot:3    | Found a transporter.
 59969 | Zot:3    | Paralysed by a Zot trap for 3 turns
 60277 | Zot:3    | Identified the ring of Mutz {Wiz rF++ Str-4 Int+2}
 60287 | Zot:3    | Identified the ring "Haustreti" {rN+ MP+9 Int+6}
 62112 | Vaults:5 | Entered Level 5 of the Vaults
 62171 | Vaults:5 | Noticed an ancient lich
 62178 | Vaults:5 | Killed an ancient lich
 62234 | Vaults:5 | Reached XP level 26. HP: 158/238 MP: 38/38
 62287 | Vaults:5 | Noticed a dread lich
 62291 | Vaults:5 | Killed a dread lich
 62397 | Vaults:5 | Found the +11 Singing Sword {sonic wave}
 62399 | Vaults:5 | Noticed an ancient lich
 62404 | Vaults:5 | Killed an ancient lich
 62417 | Vaults:5 | Got a silver rune of Zot
 62732 | Vaults:5 | Found the +0 toga "Victory" {*Victory Clar}
 62828 | Vaults:5 | Identified the +0 quarterstaff of Wocvicw {freeze, rCorr
                  | Str+3 Int+4}
 62829 | Vaults:5 | Noticed an ancient lich
 62834 | Vaults:5 | Killed an ancient lich
 63029 | Vaults:5 | Identified the +2 robe of Dust Devil {Harm Will+ Str+3
                  | Int-4}
 63690 | Vaults:5 | Found the ring of the Hare {EV+10}
 63935 | Zig:1    | Entered Level 1 of a ziggurat
 63946 | Zig:2    | Entered Level 2 of a ziggurat
 63948 | Zig:2    | Identified the quicksilver dragon scales of the Weaver
                  | {Will+ Str+4}
 63959 | Zig:3    | Entered Level 3 of a ziggurat
 63967 | Zig:3    | Reached skill level 27 in Air Magic
 64045 | Zig:4    | Entered Level 4 of a ziggurat
 64051 | Zig:4    | Identified the ring of Niduzucs {Str+6 Int+5}
 64062 | Zig:5    | Entered Level 5 of a ziggurat
 64077 | Zig:5    | Identified the +1 pair of boots of Classification {Rampage
                  | rC+ MP+9 Stlth+}
 64131 | Zig:6    | Entered Level 6 of a ziggurat
 64133 | Zig:6    | Noticed Enkoecs the pandemonium lord
 64135 | Zig:6    | Killed Enkoecs the pandemonium lord
 64342 | Zig:7    | Entered Level 7 of a ziggurat
 64632 | Zig:7    | Got Sutum's Textbook on Forms
 64678 | Zig:8    | Entered Level 8 of a ziggurat
 64686 | Zig:8    | Noticed Buucul Tyergh the pandemonium lord
 64686 | Zig:8    | Noticed Zoogeuhi the pandemonium lord
 64694 | Zig:8    | Killed Buucul Tyergh the pandemonium lord
 64697 | Zig:8    | Killed Zoogeuhi the pandemonium lord
 64734 | Zig:8    | Identified the +2 cloak "Ykkij Hiu" {rPois}
 64737 | Zig:8    | Identified the +1 scale mail of Focus {rN+ Str+6}
 64739 | Zig:8    | Identified the ring of Yesterday {rPois rC+}
 64744 | Zig:8    | Identified the amulet "Cumu" {RegenMP *Slow rN++}
 64877 | Zig:9    | Entered Level 9 of a ziggurat
 64880 | Zig:9    | Noticed Inloess the pandemonium lord
 64886 | Zig:9    | Killed Inloess the pandemonium lord
 64904 | Zig:10   | Entered Level 10 of a ziggurat
 64925 | Zig:10   | Found the amulet of Vitality {RegenMP++ Regen++}
 64934 | Zig:10   | Identified the ring "Purghojai" {rElec Will+ Dex+3 Stlth+}
 64946 | Zig:11   | Entered Level 11 of a ziggurat
 64969 | Zig:11   | Reached XP level 27. HP: 248/248 MP: 31/38
 64982 | Zig:11   | Identified the +0 cloak of Benevolence {rC- Will+ Slay+3}
 64987 | Zig:12   | Entered Level 12 of a ziggurat
 65038 | Zig:13   | Entered Level 13 of a ziggurat
 65048 | Zig:13   | Noticed a juggernaut
 65055 | Zig:13   | Killed a juggernaut
 65096 | Zig:14   | Entered Level 14 of a ziggurat
 65129 | Zig:14   | Identified the +1 great mace "Asuloosh" {holy, rF+ Int+4}
 65136 | Zig:15   | Entered Level 15 of a ziggurat
 65147 | Zig:15   | Noticed a juggernaut
 65147 | Zig:15   | Noticed a juggernaut
 65147 | Zig:15   | Noticed a juggernaut
 65149 | Zig:15   | Killed a juggernaut
 65149 | Zig:15   | Killed a juggernaut
 65156 | Zig:15   | Reached skill level 10 in Conjurations
 65157 | Zig:15   | Killed a juggernaut
 65195 | Zig:15   | Identified the +0 pair of gloves of the Game of Kings
                  | {Rampage}
 65392 | Pan      | Entered Pandemonium
 65548 | Pan      | Identified the +1 leather armour "Xiph" {+Inv rPois}
 65640 | Pan      | Found an exit through the horrors of the Abyss.
 65853 | Pan      | Entered the realm of Mnoleg.
 65980 | Pan      | Noticed Mnoleg
 65984 | Pan      | Killed Mnoleg
 66004 | Pan      | Got a glowing rune of Zot
 66158 | Pan      | Found a runed translucent door.
 66316 | Pan      | Found an exit through the horrors of the Abyss.
 66613 | Pan      | Found an exit through the horrors of the Abyss.
 66994 | Pan      | Noticed Wyock the pandemonium lord
 67075 | Pan      | Killed Wyock the pandemonium lord
 67210 | Pan      | Got a demonic rune of Zot
 67556 | Pan      | Gained mutation: You are dopey. (Int -2) [a neqoxec]
 67567 | Pan      | Noticed Qorghipe the pandemonium lord
 67573 | Pan      | Killed Qorghipe the pandemonium lord
 67616 | Pan      | Entered the realm of Cerebov.
 67618 | Pan      | Found the +6 sword of Cerebov {flame}
 67618 | Pan      | Noticed Cerebov
 67792 | Pan      | Found an exit through the horrors of the Abyss.
 67853 | Pan      | Killed Cerebov
 67910 | Pan      | Identified the +3 mace "Daguall" {flame, Fly rPois rN+
                  | Dex-5}
 67951 | Pan      | Identified the +8 short sword "Roahon" {flame, Will+}
 68014 | Pan      | Got a fiery rune of Zot
 68022 | Pan      | Noticed Ignacio
 68169 | Pan      | Noticed Fawk the pandemonium lord
 68175 | Pan      | Killed Fawk the pandemonium lord
 68360 | Pan      | Entered the realm of Gloorx Vloq.
 68362 | Pan      | Found an exit through the horrors of the Abyss.
 68672 | Pan      | Noticed Gloorx Vloq
 69652 | Pan      | Killed Gloorx Vloq
 69672 | Pan      | Got a dark rune of Zot
 69863 | Pan      | Entered the realm of Lom Lobon.
 69879 | Pan      | Reached skill level 27 in Unarmed Combat
 69910 | Pan      | Noticed Lom Lobon
 70412 | Pan      | Killed Lom Lobon
 70451 | Pan      | Got a magical rune of Zot
 70700 | Pan      | Noticed Tetresas the pandemonium lord
 70704 | Pan      | Killed Tetresas the pandemonium lord
 70705 | Pan      | Reached skill level 10 in Necromancy
 70709 | Depths:2 | Escaped Pandemonium
 70749 | Depths:3 | Voluntarily entered the Abyss.
 70770 | Abyss:2  | Found a corrupted altar of Lugonu.
 70776 | Abyss:2  | Found a corrupted altar of Lugonu.
 70840 | Abyss:3  | Found a sacrificial altar of Ru.
 70894 | Abyss:3  | Found a corrupted altar of Lugonu.
 70898 | Abyss:3  | Found a corrupted altar of Lugonu.
 70898 | Abyss:3  | Found a corrupted altar of Lugonu.
 70907 | Abyss:3  | Found a candlelit altar of Ignis.
 71111 | Abyss:3  | Noticed an ancient lich
 71113 | Abyss:3  | Killed an ancient lich
 71118 | Depths:3 | Escaped the Abyss
 71217 | Depths:3 | Voluntarily entered the Abyss.
 71217 | Abyss:3  | Found a corrupted altar of Lugonu.
 71386 | Abyss:3  | Got an abyssal rune of Zot
 71455 | Depths:3 | Escaped the Abyss
 71558 | Hell     | Entered the Vestibule of Hell
 71558 | Hell     | Noticed Geryon
 71563 | Hell     | Killed Geryon
 71604 | Hell     | Found a gateway to the Iron City of Dis.
 71631 | Hell     | Found a gateway to the freezing wastes of Cocytus.
 71717 | Hell     | Found a gateway to the ashen valley of Gehenna.
 71762 | Hell     | Found a gateway to the decaying netherworld of Tartarus.
 71785 | Hell     | Learned a level 8 spell: Necromutation
 71790 | Tar:1    | Entered Level 1 of Tartarus
 71965 | Tar:2    | You are sucked into a shaft and drop 2 floors!
 71999 | Tar:4    | Learned a level 8 spell: Borgnjor's Revivification
 72210 | Tar:6    | Reached skill level 15 in Necromancy
 72319 | Tar:7    | Entered Level 7 of Tartarus
 73013 | Tar:7    | Noticed Ereshkigal
 73022 | Tar:7    | Killed Ereshkigal
 73053 | Tar:7    | Got a bone rune of Zot
 73201 | Dis:1    | Entered Level 1 of the Iron City of Dis
 73259 | Dis:1    | Reached skill level 15 in Spellcasting
 73373 | Dis:3    | Found a burning altar of Makhleb.
 74190 | Dis:7    | Entered Level 7 of the Iron City of Dis
 74332 | Dis:7    | Noticed a juggernaut
 74337 | Dis:7    | Killed a juggernaut
 74454 | Dis:7    | Noticed a juggernaut
 74464 | Dis:7    | Killed a juggernaut
 74534 | Dis:7    | Noticed a juggernaut
 74536 | Dis:7    | Killed a juggernaut
 74556 | Dis:7    | Found the +4 staff of Dispater
 74556 | Dis:7    | Noticed Dispater
 74565 | Dis:7    | Killed Dispater
 74572 | Dis:7    | Identified the +1 whip of the Visionary {freeze, Dex+2
                  | Stlth+}
 74576 | Dis:7    | Got an iron rune of Zot
 74735 | Hell     | Learned a level 7 spell: Storm Form
 75255 | Coc:1    | Entered Level 1 of Cocytus
 75310 | Coc:1    | Noticed a dread lich
 75314 | Coc:1    | Killed a dread lich
 75464 | Coc:3    | Paralysed by a wendigo for 1 turns
 75525 | Coc:4    | Noticed an ancient lich
 75531 | Coc:4    | Killed an ancient lich
 75633 | Coc:7    | Entered Level 7 of Cocytus
 75653 | Coc:7    | Noticed the Serpent of Hell
 75656 | Coc:7    | Killed the Serpent of Hell
 75675 | Coc:7    | Noticed Antaeus
 75682 | Coc:7    | Killed Antaeus
 75693 | Coc:7    | Got an icy rune of Zot
 76183 | Geh:1    | Entered Level 1 of Gehenna
 76455 | Geh:4    | Reached skill level 15 in Conjurations
 76598 | Geh:6    | Noticed an ancient lich
 76602 | Geh:6    | Noticed an ancient lich
 76602 | Geh:6    | Noticed a dread lich
 76602 | Geh:6    | Noticed an ancient lich
 76602 | Geh:6    | Noticed a dread lich
 76602 | Geh:6    | Killed an ancient lich
 76608 | Geh:6    | Killed an ancient lich
 76609 | Geh:6    | Killed a dread lich
 76612 | Geh:6    | Killed a dread lich
 76613 | Geh:6    | Noticed a dread lich
 76613 | Geh:6    | Killed an ancient lich
 76616 | Geh:6    | Killed a dread lich
 76617 | Geh:6    | Noticed an ancient lich
 76618 | Geh:6    | Killed an ancient lich
 76631 | Geh:7    | Entered Level 7 of Gehenna
 77065 | Geh:7    | Found the +2 pair of slick slippers {slick, slippery, EV+5}
 77087 | Geh:7    | Found the +7 sceptre of Asmodeus
 77087 | Geh:7    | Noticed Asmodeus
 77096 | Geh:7    | Killed Asmodeus
 77125 | Geh:7    | Got an obsidian rune of Zot
 77318 | Depths:1 | Learned a level 8 spell: Infestation
 77585 | Tomb:1   | Entered Level 1 of the Tomb of the Ancients
 77741 | Tomb:1   | Reached skill level 1 in Hexes
 77863 | Tomb:1   | Noticed a royal mummy
 77869 | Tomb:1   | Killed a royal mummy
 77875 | Tomb:1   | Noticed a royal mummy
 77882 | Tomb:1   | Killed a royal mummy
 78167 | Tomb:2   | Noticed a royal mummy
 78172 | Tomb:2   | Killed a royal mummy
 78179 | Tomb:2   | Noticed a royal mummy
 78185 | Tomb:2   | Noticed a royal mummy
 78185 | Tomb:2   | Noticed a royal mummy
 78185 | Tomb:2   | Noticed a royal mummy
 78190 | Tomb:2   | Killed a royal mummy
 78213 | Tomb:2   | Killed a royal mummy
 78250 | Tomb:2   | Killed a royal mummy
 78260 | Tomb:2   | Killed a royal mummy
 78506 | Tomb:1   | Noticed a royal mummy
 78512 | Tomb:1   | Killed a royal mummy
 78517 | Tomb:1   | Noticed a royal mummy
 78522 | Tomb:1   | Killed a royal mummy
 78527 | Tomb:1   | Noticed a royal mummy
 78537 | Tomb:1   | Killed a royal mummy
 78553 | Tomb:1   | Noticed a royal mummy
 78557 | Tomb:1   | Noticed a royal mummy
 78559 | Tomb:1   | Killed a royal mummy
 78561 | Tomb:1   | Killed a royal mummy
 78565 | Tomb:1   | Noticed a royal mummy
 78574 | Tomb:1   | Killed a royal mummy
 78589 | Tomb:1   | Noticed a royal mummy
 78590 | Tomb:1   | Noticed a royal mummy
 78595 | Tomb:1   | Noticed a royal mummy
 78597 | Tomb:1   | Noticed a royal mummy
 78599 | Tomb:1   | Killed a royal mummy
 78602 | Tomb:1   | Killed a royal mummy
 78607 | Tomb:1   | Killed a royal mummy
 78608 | Tomb:1   | Reached skill level 27 in Fighting
 78609 | Tomb:1   | Killed a royal mummy
 78614 | Tomb:1   | Noticed a royal mummy
 78619 | Tomb:1   | Killed a royal mummy
 78638 | Tomb:1   | Noticed a royal mummy
 78644 | Tomb:1   | Killed a royal mummy
 78651 | Tomb:1   | Noticed a royal mummy
 78660 | Tomb:1   | Killed a royal mummy
 78679 | Tomb:1   | Noticed a royal mummy
 78684 | Tomb:1   | Noticed a royal mummy
 78687 | Tomb:1   | Killed a royal mummy
 78687 | Tomb:1   | Noticed a royal mummy
 78688 | Tomb:1   | Noticed a royal mummy
 78689 | Tomb:1   | Noticed a royal mummy
 78691 | Tomb:1   | Killed a royal mummy
 78692 | Tomb:1   | Noticed a royal mummy
 78697 | Tomb:1   | Killed a royal mummy
 78703 | Tomb:1   | Killed a royal mummy
 78704 | Tomb:1   | Killed a royal mummy
 78712 | Tomb:1   | Killed a royal mummy
 78766 | Tomb:1   | Noticed a royal mummy
 78769 | Tomb:1   | Noticed a royal mummy
 78776 | Tomb:1   | Killed a royal mummy
 78779 | Tomb:1   | Noticed a royal mummy
 78785 | Tomb:1   | Killed a royal mummy
 78790 | Tomb:1   | Killed a royal mummy
 78988 | Tomb:3   | Entered Level 3 of the Tomb of the Ancients
 79004 | Tomb:3   | Found the +8 whip "Snakebite" {venom, curare, rPois}
 79031 | Tomb:3   | Noticed a royal mummy
 79042 | Tomb:3   | Noticed a royal mummy
 79042 | Tomb:3   | Noticed a royal mummy
 79068 | Tomb:3   | Noticed a royal mummy
 79079 | Tomb:3   | Killed a royal mummy
 79091 | Tomb:3   | Killed a royal mummy
 79104 | Tomb:3   | Noticed a royal mummy
 79104 | Tomb:3   | Killed a royal mummy
 79112 | Tomb:3   | Noticed a royal mummy
 79121 | Tomb:3   | Killed a royal mummy
 79147 | Tomb:3   | Killed a royal mummy
 79159 | Tomb:3   | Noticed Khufu
 79159 | Tomb:3   | Noticed a royal mummy
 79178 | Tomb:3   | Killed Khufu
 79179 | Tomb:3   | Reached skill level 27 in Dodging
 79180 | Tomb:3   | Killed a royal mummy
 79185 | Tomb:3   | Killed a royal mummy
 79196 | Tomb:3   | Noticed a royal mummy
 79208 | Tomb:3   | Killed a royal mummy
 79249 | Tomb:3   | Got a golden rune of Zot
 79287 | Tomb:3   | Identified the ring "Upidgher" {rN+ MP+9 Int+2}
 79892 | Zot:5    | Entered Level 5 of the Realm of Zot
 80233 | Zot:5    | Noticed an ancient lich
 80236 | Zot:5    | Noticed an ancient lich
 80238 | Zot:5    | Killed an ancient lich
 80239 | Zot:5    | Reached skill level 5 in Hexes
 80239 | Zot:5    | Noticed an orb of fire
 80240 | Zot:5    | Killed an orb of fire
 80240 | Zot:5    | Noticed a dread lich
 80240 | Zot:5    | Killed an ancient lich
 80242 | Zot:5    | Killed a dread lich
 80249 | Zot:5    | Noticed a dread lich
 80251 | Zot:5    | Killed a dread lich
 80288 | Zot:5    | Noticed an orb of fire
 80288 | Zot:5    | Noticed an ancient lich
 80289 | Zot:5    | Killed an orb of fire
 80290 | Zot:5    | Killed an ancient lich
 80301 | Zot:5    | Noticed an orb of fire
 80302 | Zot:5    | Noticed a dread lich
 80302 | Zot:5    | Killed an orb of fire
 80309 | Zot:5    | Reached skill level 27 in Necromancy
 80312 | Zot:5    | Noticed a dread lich
 80312 | Zot:5    | Killed a dread lich
 80312 | Zot:5    | Noticed an ancient lich
 80313 | Zot:5    | Killed a dread lich
 80315 | Zot:5    | Noticed an ancient lich
 80319 | Zot:5    | Killed an ancient lich
 80321 | Zot:5    | Killed an ancient lich
 80369 | Zot:5    | Got the Orb of Zot
 80500 | Zot:2    | Noticed Tiylanloo the pandemonium lord
 80560 | Zot:1    | Noticed Ytum the pandemonium lord
 80643 | Depths:3 | Noticed Gaofec the pandemonium lord
 80818 | D:7      | Noticed a seraph
 80821 | D:7      | Identified the +7 tower shield of Liberty {+Blink Str+3
                  | Dex+3}
 80845 | D:7      | Killed a seraph
 81013 | D:$      | Escaped with the Orb!

Illustrated notes

Levels and vault maps discovered:
D:1:      dpeg_arrival_long_road, layout_basic, chequers_serial_rivers_micro_d
D:2:      layout_loops_ring
D:3:      layout_basic, hangedman_decor_opposing, corner_web_ring,
          kennysheep_generic_room_15
D:4:      layout_basic, mainiacjoe_overflow_small_starburst, serial_shops, shop,
          minmay_surrounded, uniq_natasha
D:5:      layout_cave_pods, minmay_temple_entry_arrows, serial_bayou_pond_d
D:6:      minmay_chambers_of_threes, layout_basic, minmay_misc_feat_rugged,
          kennysheep_generic_room_14
D:7:      layout_cave_pods, lemuel_crystal_altar, kennysheep_cluttered_room,
          chequers_serial_rivers_small_a, doesnt_shop_hydraphobe
D:8:      layout_basic, enter_bailey_3, minmay_ruined_shrine, uniq_pikel,
          uniq_maggie, uniq_gastronok, uniq_amaemon
D:9:      layout_layer_cave, makhleb_altar_promises_db
D:10:     layout_basic, okawaru_trees_1, dpeg_lair_monsters, serial_shops,
          shop_statue, hangedman_abyss_or_decor_stagger
D:11:     layout_cave_pools, orc_0_dummy, special_room [special_room_orc],
          kb_rosetta, uniq_erolcha
D:12:     layout_roguey, serial_shops, nicolae_shop_statue_plus,
          grunt_decor_mini_mirrors, minmay_misc_feat_square, uniq_jorgrun
D:13:     minmay_shrinking_squares, layout_loops_ring, uniq_josephine,
          uniq_kirke, uniq_snorg
D:14:     layout_basic, erik_vaults_1, nicolae_concentric_dashed_squares_mild
D:15:     hangedman_depths_entry_try_elsewhere_first, layout_rooms,
          serial_bayou_pond_b, serial_shops, nicolae_shop_window_shopping, shop,
          shop, uniq_louise
Temple:   compressed_dpeg_circular_temple
Lair:1:   layout_concentric_octagons, ebering_ghost_funeral_grove,
          grunt_megastairs_1, uniq_joseph
Lair:2:   layout_layer_cave, nicolae_swamp_entry_splash_gauntlet,
          minmay_snake_entry_guardpost_medium
Lair:3:   layout_cave_pods, basic_altar, grunt_megastairs_4, uniq_urug
Lair:4:   layout_cave_shapes, grunt_megastairs_5, lemuel_fruit_tree
Lair:5:   hangedman_lair_tendril_chambers, layout_long_grid, wormcave,
          slime_entry_1
Swamp:1:  layout_basic_swamp, evilmike_swamp_ruin_house_1,
          infiniplex_staircase_pool
Swamp:2:  layout_falls_marsh, evilmike_swamp_ruin_rubble_2, swamp_pool2
Swamp:3:  layout_falls_marsh, portal_ice_cave_entry_frozen_things,
          evilmike_swamp_ruin_house_4, uniq_mara, uniq_nikola
Swamp:4:  swamp_vile, layout_basic_swamp, hangedman_swamp_blocks
Snake:1:  layout_gridlike, uniq_frances
Snake:2:  layout_basic, minmay_shop_grove
Snake:3:  layout_cave_shapes, basic_altar, serial_bayou_pond_d, uniq_donald
Snake:4:  snake_pit_salamanders_mu, layout_cave_town, basic_altar,
          grunt_ministairs_11, serial_bayou_shore_a
Slime:1:  layout_caves
Slime:2:  layout_caves
Slime:3:  layout_caves, cheibrodos_slime_lost_civilization_4
Slime:4:  layout_caves, cheibrodos_slime_lost_civilization_7
Slime:5
Orc:1:    dreamdust_wu_jian_sword_trials, layout_caves,
          ebering_ghost_reflecting_pool, uniq_maurice, uniq_harold
Orc:2:    pf_orc_diabolical, layout_diamond_mine, gauntlet_entry_generic,
          mines5_lemuel
Elf:1:    layout_geoelf_octagon, basic_altar, minmay_elf_annihilation,
          dreamdust_princess_corridor, grunt_megastairs_3
Elf:2:    nicolae_elf_blades_crystal_corner, layout_geoelf_grid, serial_shops,
          shop, nicolae_shop_gadgets
Elf:3:    minmay_elf_hall_x, layout_loops_ring, serial_shops,
          nicolae_lakefront_shop, minmay_shop_star, uniq_roxanne
Vaults:1: ontoclasm_vaults_chip, v_misc_29, serial_ice_m,
          nicolae_vaults_asterisk, vaults_room_door_hall,
          vaults_room_semicircle, v_misc_13, layout_vaults_omnigrid
Vaults:2: v_misc_5, nicolae_vaults_network_square, nicolae_vaults_little_ls,
          grunt_vaults_bifocal, vaults_room_large_hall, vaults_room_fancy_cross,
          hangedman_vaults_variations, minmay_crypt_entry_simple_sparse,
          st_cross, layout_vaults_chaotic_city, serial_shops, shop,
          nicolae_lakefront_shop
Vaults:3: nicolae_vaults_rhombus_7, ontoclasm_vaults_gateway, v_misc_1,
          vaults_dpeg_ring, vaults_room_grunt_arrival_checkpoint,
          v_alt_pattern_3, v_alt_pattern_5, hangedman_vaults_snaps,
          nicolae_vaults_ninety_degrees, v_misc_16,
          nicolae_vaults_little_squares_1, nicolae_vaults_border_crossing,
          st_spiral_rooms, layout_vaults_big_cross
Vaults:4: vaults_room_door_ring, ontoclasm_vaults_claustrophobia,
          nicolae_vaults_an_arrangement, ontoclasm_vaults_ring_large,
          vaults_room_pool, vaults_room_pools, nicolae_vaults_ring_of_whatevers,
          v_misc_11, grunt_vaults_funnel, hangedman_vaults_hat,
          vaults_dpeg_cross, hangedman_vaults_capsules, vaults_dpeg_hooks,
          layout_vaults_ring, uniq_sojobo
Vaults:5
Crypt:1:  layout_misc_corridors
Crypt:2:  layout_chaotic_city, uniq_frederick, uniq_margery, uniq_mennas
Crypt:3:  david_glass_crypt, layout_chaotic_city,
          nicolae_tomb_entry_rubble_hallway, serial_glass, glass_columns_c,
          glass_columns_b, glass_columns_c, glass_columns_c, glass_columns_a,
          glass_columns_a, glass_columns_b, glass_columns_a, glass_columns_a,
          glass_columns_b, nicolae_crypt_soggy_tomb
Tomb:1
Tomb:2
Tomb:3
Depths:1: layout_cave_pools, enter_ziggurat_b, hangedman_tar_grid_catacomb,
          minmay_misc_feat_pillars, kennysheep_small_square,
          infiniplex_staircase_pool_lava
Depths:2: evilmike_negative_zone, layout_cave_pools, hellmouth_2,
          rand_demon_pan_entry_3
Depths:3: grunt_forest_end_winery, layout_basic, serial_shops, bzr_entry_islet,
          hellmouth_1, nicolae_sif_muna_condensation, abyss_entry,
          minmay_staircase_statues, serial_bayou_shore_b, uniq_enchantress
Depths:4: grunt_crosshair, layout_gridville, hell_entry,
          hangedman_decor_clover_reticule, uniq_vv
Hell
Dis:1:    layout_jigsaw
Dis:2:    layout_gridville
Dis:3:    kennysheep_iron_temple, layout_regular_city
Dis:4:    layout_subdivisions
Dis:5:    layout_gridville
Dis:6:    layout_subdivisions
Dis:7:    dis_grunt_layers
Geh:1:    layout_gehenna_lava_caves
Geh:2:    layout_gehenna_pools_box
Geh:3:    layout_gehenna_pools_triple, nicolae_geh_fiery_graves
          [nicolae_geh_single_fiery_grave, nicolae_geh_single_fiery_grave,
          nicolae_geh_single_fiery_grave, nicolae_geh_single_fiery_grave,
          nicolae_geh_single_fiery_grave, nicolae_geh_single_fiery_grave,
          nicolae_geh_single_fiery_grave, nicolae_geh_single_fiery_grave,
          nicolae_geh_single_fiery_grave]
Geh:4:    layout_gehenna_lava_caves
Geh:5:    layout_gehenna_pools_box
Geh:6:    layout_gehenna_lava_caves, nicolae_hells_leichenhalle
Geh:7:    geh_grunt
Coc:1:    layout_cocytus_water_paths
Coc:2:    layout_cocytus_delve
Coc:3:    layout_cocytus_water_paths
Coc:4:    layout_ice_bergs, special_room [special_room_morgue]
Coc:5:    layout_ice_bergs
Coc:6:    layout_cocytus_water_paths
Coc:7:    coc_old
Tar:1:    layout_grid_maze
Tar:2:    layout_grid_maze, nicolae_tar_just_some_guys
Tar:4:    layout_cathedral_of_symmetry, nicolae_tar_cuneiform_water
Tar:5:    layout_grid_maze
Tar:6:    layout_grid_maze
Tar:7:    tar_old
Zot:1:    layout_twisted_circle, st_small_dragon_hoard_5,
          hangedman_player_shredder
Zot:2:    kennysheep_ambush_hall, layout_gridville, lemuel_elevator
Zot:3:    gammafunk_its_a_trap, layout_cathedral_of_symmetry
Zot:4:    layout_gridlike, zot_minivault_6
Zot:5:    layout_gridlike, st_stairs_2

Skill      XL: |  1  2  3  4  5  6  7  8  9 10 11 12 13 14 15 16 17 18 19 20 21 22 23 24 25 26 27 |
---------------+----------------------------------------------------------------------------------+-----
Unarmed Combat | 1 2 3 4 6 8 9 11 12 14 15 16 17 19 20 21 22 23 24 27 | 27.0
Stealth        | 2 |  2.2
Dodging        | 2 3 5 6 7 8 9 10 11 12 13 14 15 16 17 18 19 20 27 | 27.0
Fighting       | 1 3 6 7 9 10 11 12 13 14 15 16 17 18 19 20 27 | 27.0
Necromancy     | 5 27 | 27.0
Transmutations | 1 4 6 11 12 14 | 14.4
Translocations | 3 5 6 8 |  8.4
Air Magic      | 3 6 8 9 10 12 13 16 18 20 21 22 25 27 | 27.0
Spellcasting   | 3 4 6 7 8 9 11 17 | 17.1
Conjurations   | 3 6 8 16 | 16.9
Hexes          | 7 |  7.4

Action                     |  1- 3 |  4- 6 |  7- 9 | 10-12 | 13-15 | 16-18 | 19-21 | 22-24 | 25-27 || total
---------------------------+-------+-------+-------+-------+-------+-------+-------+-------+-------++-------
  Melee: Unarmed           |     3 |       |   154 |   694 |  1116 |  1031 |  1121 |  1112 |  3765 ||  8996
         Dagger            |    56 |    25 |       |       |       |       |       |       |       ||    81
         Tailslap          |     8 |     3 |    25 |   102 |   235 |    88 |     1 |    39 |   630 ||  1131
         Punch             |       |     1 |    10 |    58 |   118 |   129 |   178 |   204 |   743 ||  1441
         Mace              |       |     4 |       |       |       |       |       |       |       ||     4
         Bite              |       |       |       |       |   116 |    52 |     1 |    34 |   474 ||   677
   Fire: Sling             |       |    65 |    34 |     5 |       |       |       |       |       ||   104
  Throw: Stone             |     1 |       |       |     2 |       |       |       |       |       ||     3
         Dart              |       |       |    17 |    14 |    22 |    12 |       |       |       ||    65
         Throwing net      |       |       |     1 |     8 |     2 |     8 |       |       |       ||    19
   Cast: Necrotise         |    62 |    66 |     4 |     7 |     4 |       |       |       |       ||   143
         Vampiric Draining |     2 |     5 |    26 |    35 |    44 |     1 |       |       |       ||   113
         Wereblood         |       |       |       |     3 |    12 |    23 |    22 |    43 |    61 ||   164
         Vhi's Electric Ch |       |       |       |     1 |    18 |   148 |   107 |   110 |   265 ||   649
         Apportation       |       |       |       |       |     2 |     3 |     3 |    17 |    46 ||    71
         Storm Form        |       |       |       |       |       |    40 |    68 |    51 |    42 ||   201
         Passwall          |       |       |       |       |       |     5 |     2 |     7 |    59 ||    73
         Arcjolt           |       |       |       |       |       |       |       |     3 |       ||     3
         Dragon Form       |       |       |       |       |       |       |       |    15 |   145 ||   160
         Yara's Violent Un |       |       |       |       |       |       |       |     1 |    58 ||    59
         Blink             |       |       |       |       |       |       |       |     1 |       ||     1
         Infestation       |       |       |       |       |       |       |       |       |    88 ||    88
         Maxwell's Capacit |       |       |       |       |       |       |       |       |    63 ||    63
         Necromutation     |       |       |       |       |       |       |       |       |    41 ||    41
         Irradiate         |       |       |       |       |       |       |       |       |    10 ||    10
 Invoke: Serpent's Lash    |       |       |       |    12 |    30 |    15 |     8 |    16 |    55 ||   136
         Heavenly Storm    |       |       |       |       |       |       |     1 |     1 |    11 ||    13
Ability: Breathe Acid      |       |       |    25 |    61 |   108 |    18 |     1 |     3 |    13 ||   229
         Whirlwind         |       |       |     7 |   162 |   225 |   219 |   280 |   270 |  1210 ||  2373
         Lunge             |       |       |    11 |    97 |   121 |    89 |   140 |   115 |   470 ||  1043
         Wall Jump         |       |       |       |     8 |     5 |     8 |     5 |     3 |    27 ||    56
         Blinkbolt         |       |       |       |       |       |    16 |    12 |    26 |    15 ||    69
         End Transformatio |       |       |       |       |       |     8 |     7 |    11 |    42 ||    68
  Evoke: Wand              |       |     7 |    16 |    11 |    14 |     6 |       |     1 |     1 ||    56
         Tin of tremorston |       |       |       |     1 |     1 |     2 |       |       |     2 ||     6
         Phial of floods   |       |       |       |       |     2 |     2 |     4 |     1 |       ||     9
         Phantom mirror    |       |       |       |       |       |       |     1 |     1 |     1 ||     3
         Condenser vane    |       |       |       |       |       |       |       |       |     1 ||     1
    Use: Potion            |     2 |       |     3 |     7 |     4 |     2 |     3 |    18 |    67 ||   106
         Scroll            |       |    11 |    12 |    12 |    10 |     4 |     3 |     8 |    45 ||   105
   Stab: Sleeping          |     2 |       |     2 |     3 |     1 |     7 |     2 |     4 |     6 ||    27
         Invisible         |       |       |     2 |       |       |       |       |    13 |    45 ||    60
         Fleeing           |       |       |       |     2 |       |       |       |       |       ||     2
         Distracted        |       |       |       |     2 |     3 |     1 |     2 |     1 |    14 ||    23
         Held in net/web   |       |       |       |     1 |     2 |     3 |       |       |       ||     6
         Paralysed         |       |       |       |     4 |     5 |       |       |       |     1 ||    10
         Petrifying        |       |       |       |       |     2 |       |       |       |       ||     2
         Petrified         |       |       |       |       |     1 |       |       |       |       ||     1
         Confused          |       |       |       |       |       |       |       |       |     1 ||     1
 Armour: Skin              |    13 |    25 |    48 |   132 |   205 |   173 |    97 |   147 |   540 ||  1380
  Dodge: Dodged            |    43 |    53 |   109 |   353 |   486 |   415 |   447 |   515 |  1872 ||  4293
  Block: Other             |       |       |       |       |       |    50 |    81 |   106 |    70 ||   307
         Reflection        |       |       |       |       |       |     5 |     8 |     4 |     4 ||    21

Table legend: (Time is in decaauts)
 A = Elapsed time spent in this place.
 B = Non-inter-level travel time spent in this place.
 C = Inter-level travel time spent in this place.
 D = Time resting spent in this place.
 E = Time spent auto-exploring this place.
 F = Levels seen in this place.
 G = Mean time per level.
                   A        B        C        D        E       F      G
               +--------+--------+--------+--------+--------+-----+--------+
         Total |  80232 |  73312 |   6920 |   9380 |  30731 | 131 |  612.5 |
       Dungeon |  17037 |  15262 |   1775 |   1565 |   8500 |  15 | 1135.8 |
        Temple |     53 |     53 |      0 |      0 |      0 |   1 |   53.0 |
          Lair |   8902 |   7712 |   1190 |   1504 |   2532 |   5 | 1780.4 |
         Swamp |   3285 |   3189 |     96 |    418 |   1792 |   4 |  821.2 |
     Snake Pit |   3925 |   3751 |    174 |    454 |   1615 |   4 |  981.2 |
    Slime Pits |    757 |    749 |      8 |    290 |      0 |   5 |  151.4 |
  Orcish Mines |   2389 |   1954 |    435 |    170 |    789 |   2 | 1194.5 |
   Elven Halls |   3563 |   3213 |    350 |    389 |   1292 |   3 | 1187.7 |
        Vaults |   8310 |   7570 |    740 |     43 |   5305 |   5 | 1662.0 |
         Crypt |   3775 |   3265 |    510 |    392 |   1981 |   3 | 1258.3 |
          Tomb |   1942 |   1734 |    208 |    102 |      0 |   3 |  647.3 |
        Depths |   5450 |   4661 |    789 |    636 |   2361 |   4 | 1362.5 |
          Hell |    435 |    380 |     55 |      0 |     26 |   1 |  435.0 |
           Dis |   1405 |   1405 |      0 |    272 |      0 |   7 |  200.7 |
       Gehenna |   1067 |    930 |    137 |     15 |      0 |   7 |  152.4 |
       Cocytus |    845 |    845 |      0 |     95 |      0 |   7 |  120.7 |
      Tartarus |   1382 |   1382 |      0 |    280 |      0 |   6 |  230.3 |
           Zot |   6739 |   6291 |    448 |   1354 |   2906 |   5 | 1347.8 |
         Abyss |    604 |    604 |      0 |      0 |      0 |   4 |  151.0 |
   Pandemonium |   5244 |   5244 |      0 |    368 |   1498 |  21 |  249.7 |
      Ziggurat |   1199 |   1199 |      0 |    613 |      0 |  15 |   79.9 |
        Bazaar |    108 |    108 |      0 |      0 |      0 |   1 |  108.0 |
        Bailey |    482 |    482 |      0 |     85 |      0 |   1 |  482.0 |
      Ice Cave |    694 |    694 |      0 |    270 |    134 |   1 |  694.0 |
      Gauntlet |    629 |    629 |      0 |     63 |      0 |   1 |  629.0 |
               +--------+--------+--------+--------+--------+-----+--------+

Top non-repeatable levels by time:
  Lair:5: 2460 daAuts
  Lair:2: 2179 daAuts
Vaults:2: 2058 daAuts
  Lair:3: 1928 daAuts
   Zot:1: 1827 daAuts
Depths:2: 1814 daAuts
Vaults:1: 1782 daAuts
Vaults:3: 1718 daAuts
     D:9: 1701 daAuts
    D:14: 1685 daAuts
Vaults:5: 1607 daAuts
   Zot:3: 1518 daAuts
  Lair:1: 1465 daAuts
   Zot:4: 1446 daAuts
   Zot:2: 1412 daAuts
